 Dungeon Crawl Stone Soup version 0.29.0-4-gdea44cf6ec (webtiles) character file.

Game seed: 947876365278259050

378 qw the Ruffian (level 6, -10/51 HPs)
             Began as a Ghoul Fire Elementalist on Aug 29, 2022.
             Mangled by Pikel
             ... wielding a +2 whip of electrocution
              (19 damage)
             ... on level 5 of the Dungeon.
             The game lasted 00:03:59 (5741 turns).

qw the Ruffian (Ghoul Fire Elementalist)            Turns: 5741, Time: 00:04:00

Health: -10/51     AC:  5    Str: 14    XL:     6   Next: 74%
Magic:  7/7        EV: 11    Int: 10    God:
Gold:   323        SH:  0    Dex:  9    Spells: 7/8 levels left

rFire   + . .      SeeInvis .     - Unarmed
rCold   + . .      Faith    .   (no shield)
rNeg    + + +      Spirit   .   h - +0 leather armour {rF+}
rPois   inf        Reflect  .   (no helmet)
rElec   .          Harm     .   d - +1 cloak
rCorr   .          Rampage  .   (no gloves)
Will    .....                   (no boots)
Stlth   +.........              (no amulet)
HPRegen 0.00/turn               (no ring)
MPRegen 0.10/turn               (no ring)

@: inhibited regen
A: claws 1, cold resistance 1, negative energy resistance 3, inhibited
regeneration, torment resistance 2, devour on kill
a: no special abilities


You were on level 5 of the Dungeon.
You visited 2 branches of the dungeon, and saw 6 of its levels.

You collected 323 gold pieces.


Innate Abilities, Weirdness & Mutations

You are immune to poison.
You have sharp fingernails.
Your flesh is cold resistant. (rC+)
You are immune to negative energy. (rN+++)
You do not regenerate when monsters are visible.
You are immune to unholy pain and torment.
You thrive by killing the living.


   Skills:
 - Level 3.1 Fighting
 - Level 1.7 Dodging
 - Level 2.1 Stealth
 + Level 6.3 Unarmed Combat
 - Level 1.7 Spellcasting
 - Level 0.7 Conjurations
 - Level 2.4 Fire Magic


You had 7 spell levels left.
You knew the following spells:

 Your Spells              Type           Power      Damage    Failure   Level
a - Foxfire               Conj/Fire      16%        2x1d4     22%         1

Your spell library contained the following spells:

 Spells                   Type           Power      Damage    Failure   Level
 Scorch                   Fire           10%        2d5       22%         2
 Conjure Flame            Conj/Fire      4%         6-21      54%         3
 Inner Flame              Hex/Fire       3%         N/A       58%         3
 Flame Wave               Conj/Fire      4%         2d5       91%         4

Inventory:

Armour
 b - the +0 ring mail of Duck's Teeth {-Tele Harm Regen+ Slay+2}
   (You found it on level 2 of the Dungeon)

   Slay:      It affects your accuracy & damage with ranged weapons and melee
   (+2).
   -Tele:     It prevents most forms of teleportation.
   Regen:     It increases your rate of health regeneration.
   Harm:      It increases damage dealt and taken.
 d - a +1 cloak (worn)
 h - a +0 leather armour of fire resistance (worn)
Scrolls
 c - 4 scrolls of teleportation
 g - 2 scrolls of identify
Potions
 e - a potion of might
 j - 3 potions of curing

Dungeon Overview and Level Annotations

Branches:
Dungeon (5/15)             Temple (1/1) D:4

Altars:
Ashenzari
Cheibriados
Kikubaaqudgha
Makhleb
Nemelex Xobeh
Sif Muna
Uskayaw
Vehumet
Xom

Annotations:
D:4 1 runed translucent door, Crazy Yiuf
D:5 Pikel


Message History

A lemure is nearby!
The lemure shouts! x2
You closely miss the lemure. Your claw misses the lemure. The lemure hits you.
You barely miss the lemure.
Pikel shouts!
You hear a shout!
The lemure hits you but does no damage.
You scratch the lemure but do no damage.
The lemure hits you.
Pikel says, "You'll make a fine lemure."
You scratch the lemure but do no damage.
The lemure closely misses you. The lemure hits you.
You barely miss the lemure. The lemure hits you.
The lemure hits you but does no damage.
You closely miss the lemure. The lemure hits you.
The lemure closely misses you.
You scratch the lemure.
The lemure is lightly wounded.
The lemure barely misses you. The lemure completely misses you.
You claw the lemure!
The lemure is moderately wounded.
You barely miss the lemure.
The lemure is moderately wounded.
The lemure closely misses you.
You barely miss the lemure. You claw the lemure, but do no damage.
The lemure is moderately wounded.
The lemure hits you.
You scratch the lemure but do no damage.
The lemure is moderately wounded.
Pikel hits you with a +2 whip of electrocution.
The lemure hits you.
You scratch the lemure.
The lemure is heavily wounded.
Pikel hits you with a +2 whip of electrocution.
The lemure hits you but does no damage.
You claw the lemure!
The lemure is severely wounded.
Pikel hits you with a +2 whip of electrocution.
You are electrocuted!!
You die...

... ##.%......
#... ##........
... #......... #..
#......... .###.#
#.........
......###.........
##...5%.........
#..55K#.........
555.###@.........#
#K ###....<....
#.....### #.....#
#......> ......##
####


You could see Pikel and 3 lemures.

Vanquished Creatures
  An ice beast (D:4)
  A lemure (D:5)
  2 hounds
  An iguana (D:4)
  11 adders
  An ufetubus (D:4)
  2 dart slugs
  5 worms (D:2)
  5 orcs
  6 endoplasms
  2 giant cockroaches
  5 goblins
  2 hobgoblins
  3 jackals (D:1)
  7 kobolds
  4 quokkas
  7 ball pythons
  3 bats (D:2)
  10 frilled lizards
  5 rats
83 creatures vanquished.

Vanquished Creatures (others)
  11 plants (D:2)
11 creatures vanquished.

Grand Total: 94 creatures vanquished

Notes
Turn   | Place    | Note
-------+----------+-------------------------------------------
     0 | D:1      | qw the Ghoul Fire Elementalist began the quest for the Orb.
     0 | D:1      | Reached XP level 1. HP: 14/14 MP: 2/2
     0 | D:1      | 0 ||| qw: Version: 0.1-a-90-g952f4b7
     0 | D:1      | 0 ||| qw: Game counter: 3983
     0 | D:1      | 0 ||| qw: Always use a shield: true
     0 | D:1      | 0 ||| qw: God list: Okawaru
     0 | D:1      | 0 ||| qw: Allow faded altars: false
     0 | D:1      | 0 ||| qw: Do Orc after D:15 true
     0 | D:1      | 0 ||| qw: Do second Lair branch before Depths: true
     0 | D:1      | 0 ||| qw: Lair rune preference: random
     0 | D:1      | 0 ||| qw: Plans: Normal
     0 | D:1      | 0 ||| PLANNING D:1-11
    38 | D:1      | 38 ||| Stepping ~*~*~tactically~*~*~ (stealth).
    40 | D:1      | 40 ||| Stepping ~*~*~tactically~*~*~ (stealth).
    41 | D:1      | 41 ||| Stepping ~*~*~tactically~*~*~ (stealth).
    56 | D:1      | Reached skill level 1 in Unarmed Combat
    71 | D:1      | 71 ||| Stepping ~*~*~tactically~*~*~ (outnumbered).
    72 | D:1      | 72 ||| Stepping ~*~*~tactically~*~*~ (outnumbered).
   186 | D:1      | Reached skill level 1 in Fighting
   186 | D:1      | Reached XP level 2. HP: 22/23 MP: 3/3
   219 | D:1      | 219 ||| Stepping ~*~*~tactically~*~*~ (stealth).
   344 | D:1      | 344 ||| Stepping ~*~*~tactically~*~*~ (hiding).
   446 | D:1      | 446 ||| Stepping ~*~*~tactically~*~*~ (hiding).
   548 | D:1      | 548 ||| Stepping ~*~*~tactically~*~*~ (hiding).
   650 | D:1      | 650 ||| Stepping ~*~*~tactically~*~*~ (hiding).
   752 | D:1      | 752 ||| Stepping ~*~*~tactically~*~*~ (hiding).
   854 | D:1      | 854 ||| Stepping ~*~*~tactically~*~*~ (hiding).
   956 | D:1      | 956 ||| Stepping ~*~*~tactically~*~*~ (hiding).
  1065 | D:1      | 1065 ||| Stepping ~*~*~tactically~*~*~ (hiding).
  1066 | D:1      | 1066 ||| Stepping ~*~*~tactically~*~*~ (hiding).
  1068 | D:1      | 1068 ||| Stepping ~*~*~tactically~*~*~ (hiding).
  1205 | D:1      | Reached skill level 2 in Unarmed Combat
  1361 | D:1      | Reached XP level 3. HP: 28/28 MP: 4/4
  1503 | D:1      | 1503 ||| UPGRADING to +0 leather armour.
  1513 | D:1      | 1513 ||| DROPPING +0 robe.
  1514 | D:1      | 1514 ||| DROPPING ring of magical power.
  1515 | D:1      | 1515 ||| READING scroll labelled GORIUDUEHA.
  1516 | D:1      | 1516 ||| READING scroll labelled TEGOEQ FIJE.
  1519 | D:1      | 1519 ||| READING scroll labelled WAQUUTHR DASU.
  1520 | D:1      | 1520 ||| DRINKING 2 amethyst potions.
  1521 | D:1      | 1521 ||| DROPPING potion of magic.
  1587 | D:2      | Reached skill level 3 in Unarmed Combat
  1690 | D:2      | 1690 ||| Stepping ~*~*~tactically~*~*~ (hiding).
  1952 | D:2      | Reached XP level 4. HP: 28/35 MP: 5/5
  2263 | D:2      | Identified the +0 ring mail of Duck's Teeth {-Tele Harm
                  | Regen+ Slay+2}
  2724 | D:2      | Found a faded altar of an unknown god.
  2726 | D:2      | 2726 ||| Stepping ~*~*~tactically~*~*~ (stealth).
  2727 | D:2      | 2727 ||| Stepping ~*~*~tactically~*~*~ (stealth).
  2739 | D:2      | Reached skill level 4 in Unarmed Combat
  2753 | D:2      | 2753 ||| Stepping ~*~*~tactically~*~*~ (stealth).
  3248 | D:2      | 3248 ||| UPGRADING to +0 leather armour of fire resistance.
  3258 | D:2      | 3258 ||| DROPPING +0 leather armour.
  3259 | D:2      | 3259 ||| READING scroll labelled FAGOKA NUYRCH.
  3260 | D:2      | 3260 ||| DRINKING 2 white potions.
  3261 | D:2      | 3261 ||| DRINKING 2 bubbling ruby potions.
  3262 | D:2      | 3262 ||| DROPPING potion of brilliance.
  3748 | D:3      | 3748 ||| Stepping ~*~*~tactically~*~*~ (stealth).
  3749 | D:3      | 3749 ||| Stepping ~*~*~tactically~*~*~ (stealth).
  3755 | D:3      | 3755 ||| Stepping ~*~*~tactically~*~*~ (outnumbered).
  3756 | D:3      | 3756 ||| Stepping ~*~*~tactically~*~*~ (stealth).
  3759 | D:3      | Reached XP level 5. HP: 41/41 MP: 6/6
  4155 | D:3      | 4155 ||| READING scroll labelled CUUTAL FOITOPS.
  4156 | D:3      | 4156 ||| READING 2 scrolls of identify.
  4156 | D:3      | 4156 ||| IDENTIFYING cyan potion
  4157 | D:3      | 4157 ||| DROPPING potion of flight.
  4507 | D:4      | Reached skill level 5 in Unarmed Combat
  4569 | D:4      | Found a staircase to the Ecumenical Temple.
  4570 | D:4      | 4570 ||| PLANNING TEMPLE
  4605 | D:4      | 4605 ||| UPGRADING to +0 cloak.
  4610 | D:4      | 4610 ||| READING scroll labelled YLYLAAQIHU.
  4611 | D:4      | 4611 ||| READING 3 scrolls of identify.
  4611 | D:4      | 4611 ||| IDENTIFYING bubbling orange potion
  4612 | D:4      | 4612 ||| DROPPING potion of attraction.
  4618 | Temple   | Entered the Ecumenical Temple
  4771 | Temple   | 4771 ||| PLANNING D:1-11
  4832 | D:4      | 4832 ||| Stepping ~*~*~tactically~*~*~ (stealth).
  4838 | D:4      | 4838 ||| Stepping ~*~*~tactically~*~*~ (stealth).
  4844 | D:4      | 4844 ||| Stepping ~*~*~tactically~*~*~ (stealth).
  4913 | D:4      | Noticed an ice beast
  4922 | D:4      | Killed an ice beast
  4923 | D:4      | Reached skill level 6 in Unarmed Combat
  4923 | D:4      | Reached XP level 6. HP: 48/48 MP: 7/7
  5136 | D:4      | Found a runed translucent door.
  5137 | D:4      | Noticed Crazy Yiuf
  5468 | D:4      | 5468 ||| DROPPING ring of flight.
  5469 | D:4      | 5469 ||| READING scroll labelled HUQ GEOROSI XYU.
  5470 | D:4      | 5470 ||| READING 2 scrolls labelled FUCAEGH WEOLE.
  5471 | D:4      | 5471 ||| READING scroll of enchant armour.
  5471 | D:4      | 5471 ||| ENCHANTING +0 cloak.
  5527 | D:5      | Entered Level 5 of the Dungeon
  5529 | D:5      | 5529 ||| STAIRDANCE
  5651 | D:5      | Reached skill level 3 in Fighting
  5710 | D:5      | Noticed Pikel
  5710 | D:5      | 5710 ||| Stepping ~*~*~tactically~*~*~ (stealth).
  5711 | D:5      | 5711 ||| Stepping ~*~*~tactically~*~*~ (stealth).
  5741 | D:5      | HP: 9/51 [Pikel/+2 whip of electrocution (6)]
  5741 | D:5      | Mangled by Pikel

Levels and vault maps discovered:
D:1:      psy_arrival_fountain, layout_basic
D:2:      layout_basic, nicolae_ecumenical_snake_handling, serial_bayou,
          serial_bayou_pond_e, serial_bayou_lagoon_b, serial_bayou_pond_e,
          serial_bayou_shore_b, serial_bayou_lake_a,
          chequers_serial_rivers_micro_e, amcnicky_mini_corridor_feature
D:3:      layout_basic, nicolae_hexahallways
D:4:      layout_loops_ring, minmay_temple_entry_hall, uniq_crazy_yiuf_cottage
D:5:      layout_rooms, minmay_overflow_temple_star_quad, old_standard_altar,
          chequers_serial_rivers_micro_d, uniq_pikel
Temple:   nicolae_temple_bog_church

Skill      XL: |  1  2  3  4  5  6 |
---------------+-------------------+-----
Unarmed Combat | 1 2 3 4 6 |  6.3
Fighting       | 1 2 3 |  3.1
Dodging        | |  1.7
Stealth        | |  2.1
Spellcasting   | |  1.7
Conjurations   | |  0.7
Fire Magic     | |  2.4

Action                   |  1- 3 |  4- 6 || total
-------------------------+-------+-------++-------
Melee: Unarmed           |   102 |   205 ||   307
       Punch             |       |     6 ||     6
  Use: Scroll            |     3 |     8 ||    11
       Potion            |     1 |     2 ||     3
Armor: Robe              |     9 |       ||     9
       Leather armour    |     7 |    58 ||    65
Dodge: Dodged            |    39 |    85 ||   124

Table legend:
 A = Non-vault XP
 B = Vault XP
 C = Vault XP percentage of total XP
 D = Non-vault monster count
 E = Vault monster count
 F = Vault count percentage of total count
                 A         B        C        D         E       F
            +---------+---------+-------+---------+---------+-------
      Total |     512 |      28 |   5.2 |      78 |       4 |   4.9
            +---------+---------+-------+---------+---------+-------
        D:1 |      35 |       0 |   0.0 |      21 |       0 |   0.0
        D:2 |      74 |      28 |  27.5 |      22 |       4 |  15.4
        D:3 |      38 |       0 |   0.0 |      14 |       0 |   0.0
        D:4 |     282 |       0 |   0.0 |      17 |       0 |   0.0
        D:5 |      83 |       0 |   0.0 |       4 |       0 |   0.0
            +---------+---------+-------+---------+---------+-------
